Blues vs Bruins

Created - 4 décembre 2025 at 07:56

Goals
1 2 3 T
Blues 0 2 0 2
Bruins 3 1 0 4
Shots
1 2 3 T
Blues 10 10 8 28
Bruins 14 5 14 33

GoalsPenalties
1st period
1. Bruins , Patrik Laine 2 (Sam Carrick 3) at 10:45
2. Bruins , Anthony Cirelli 18 (Nazem Kadri 22, Miro Heiskanen 11) at 13:59 (PP)
3. Bruins , Sam Carrick 3 (Patrik Laine 3) at 16:04
Conor Garland (BOS) for Tripping (Minor) at 0:27
Sean Walker (STL) for Hooking (Minor) at 7:51
Brandon Montour (STL) for Hooking (Minor) at 13:24
2nd period
4. Blues , Brayden Schenn 12 (Zach Bogosian 5, Brad Marchand 15) at 5:36
5. Blues , Zach Bogosian 1 (Brayden Schenn 17, Brad Marchand 16) at 9:25
6. Bruins , Logan Cooley 10 (Anthony Cirelli 24) at 15:24
Sean Walker (STL) for Tripping (Minor) at 3:28
MacKenzie Weegar (STL) for Holding Stick (Minor) at 9:45
Sean Walker (STL) for Diving (Minor) at 15:43
3rd period
No Goal
Nazem Kadri (BOS) for Delaying the game (Minor) at 4:41
Goalie Stats
Tristan Jarry (STL), 29 saves from 33 shots - (0,879), L, 2-5-0, 60:00 minutes
Ilya Sorokin (BOS), 26 saves from 28 shots - (0,929), W, 15-7-4, 60:00 minutes
3 StarsOfficial
1 - Patrik Laine (BOS)
2 - Sam Carrick (BOS)
3 - Anthony Cirelli (BOS)
Referees : Laura Schmidlein and Steve Kozari
Linesman : Mark Shewchyk and Joseph Mahon
Game Note
No Game Note
Finance
Level 1 -- Attendance: 6381 (99%) -- Ticket Income $587,052
Level 2 -- Attendance: 5192 (90%) -- Ticket Income $280,368
Level 3 -- Attendance: 3678 (67%) -- Ticket Income $106,662
Level 4 -- Attendance: 3503 (58%) -- Ticket Income $66,557
Luxury Box -- Attendance: 1041 (91%) -- Ticket Income $208,200
Game was played at the FleetCenter.
Total Attendance: 19795 (80%)
Total Ticket Income: $1,248,839
Other Income: $374,652
Total Income: $1,623,491



Team Name Goals Shots Shots Attemp Shots Blocked PIM HIT PP PK FO%
Blues 22858810130 / 2 (0%)152%
Bruins 43356104191 / 5 (20%)048%

Blues
Player Name POS G A P +/- PIM HIT SHT SB MP PP MP PP SHT PK MP PK SHT FO% FOT GA TA
Brad MarchandC/LW/RW0222038020:522:2401:1300% 221
Brandon MontourD0001210121:393:0204:2800% 011
Brayden SchennC/LW/RW1122015019:282:2410:00058% 2400
Brendan SmithD0000010117:570:5603:2300% 000
Connor BrownRW0000003114:070:0002:280100% 100
Craig SmithC/LW/RW000-201109:050:0001:1300% 000
Dawson MercerC/LW/RW000-1002117:201:3404:50056% 900
Erik JohnsonD000-1010013:040:0000:0000% 000
Josh NorrisC/LW000-1020012:301:3400:00044% 900
Justin DanforthC/RW000-200007:410:0000:00067% 300
MacKenzie WeegarD000-2212125:543:0203:4700% 001
Marcus JohanssonLW/RW0002001018:421:3400:00067% 301
Pius SuterC/LW/RW000-1011118:062:2404:5000% 410
Sean KuralyC0000002014:070:0002:28050% 800
Sean WalkerD000-2610021:580:5600:5400% 000
Tanner PearsonLW/RW0000000011:380:0000:000100% 110
Victor OlofssonLW/RW000-200107:410:0000:0000% 000
Zach BogosianD1122002219:350:0004:3000% 000
Bruins
Player Name POS G A P +/- PIM HIT SHT SB MP PP MP PP SHT PK MP PK SHT FO% FOT GA TA
Adam GaudetteRW000201007:220:0000:0000% 000
Alex NewhookC/LW/RW000-1011011:080:0000:4000% 300
Anthony CirelliC/RW1120043022:534:5111:54051% 3710
Conor GarlandLW/RW0000234017:403:4000:2500% 100
Dylan HollowayLW000-1003010:250:0000:0000% 000
J.T. CompherC/LW000-1001012:390:0001:54080% 500
Jared SpurgeonD0001021126:303:2401:5000% 000
Jonas SiegenthalerD000000029:450:0000:0000% 001
Logan CooleyC/RW1010025020:163:4000:47133% 300
Matt RoyD0001001122:362:5602:0800% 000
Matthew KniesLW/RW0000001120:594:5110:0000% 110
Miro HeiskanenD0110000221:375:0700:0000% 002
Nazem KadriC0110214018:254:5100:00056% 911
Nino NiederreiterRW0000012117:063:4000:0000% 000
Noah HanifinD0000012227:255:3512:0800% 011
Patrik LaineLW/RW112202208:530:0001:240100% 100
Ryan GravesD0000010012:070:0001:5000% 000
Sam CarrickC112200308:140:0000:52025% 400

Blues

5 vs 5 Forward
Line #Left WingCenterRight WingPHYDFOFWanted %Time %Time Play
1Brad MarchandBrayden SchennMarcus Johansson1223936%17:15
2Dawson MercerJosh NorrisPius Suter1222923%10:57
3Tanner PearsonSean KuralyConnor Brown1222024%11:38
4Craig SmithJustin DanforthVictor Olofsson1131216%7:41
5 vs 5 Defense
Line #DefenseDefensePHYDFOFWanted %Time %Time Play
1MacKenzie WeegarSean Walker1224038%18:14
2Brandon MontourZach Bogosian1223034%16:15
3Brendan SmithErik Johnson1222024%11:12
4MacKenzie WeegarBrandon Montour113104%1:50
Power Play Forward
Line #Left WingCenterRight WingPHYDFOFWanted %Time %Time Play
1Brad MarchandBrayden SchennPius Suter1046061%2:24
2Josh NorrisDawson MercerMarcus Johansson1134039%1:34
Power Play Defense
Line #DefenseDefensePHYDFOFWanted %Time %Time Play
1MacKenzie WeegarBrandon Montour1136082%3:16
2Brandon MontourMacKenzie Weegar1134018%0:42
Penalty Kill 4 Players Forward
Line #CenterWingPHYDFOFWanted %Time %Time Play
1Dawson MercerPius Suter1316071%6:03
2Sean KuralyConnor Brown1314029%2:28
Penalty Kill 4 Players Defense
Line #DefenseDefensePHYDFOFWanted %Time %Time Play
1MacKenzie WeegarBrandon Montour1316067%5:41
2Sean WalkerZach Bogosian1314033%2:50
Penalty Kill 3 Players
Line #WingPHYDFOFWanted %Time %Time PlayDefenseDefensePHYDFOFWanted %Time %Time Play
1Pius Suter140600%0:00 MacKenzie WeegarBrandon Montour140600%0:00
2Dawson Mercer140400%0:00 Zach BogosianSean Walker122400%0:00
4 vs 4 Forward
Line #CenterWingPHYDFOFWanted %Time %Time Play
1Brayden SchennBrad Marchand122600%0:00
2Dawson MercerPius Suter122400%0:00
4 vs 4 Defense
Line #DefensePHYDFOFWanted %Time %Time Play
1MacKenzie WeegarSean Walker122600%0:00
2Brandon MontourZach Bogosian122400%0:00
Last Minutes Offensive
Left WingCenterRight WingDefenseDefense
Brad MarchandBrayden SchennPius SuterMacKenzie WeegarBrandon Montour
Last Minutes Defensive
Left WingCenterRight WingDefenseDefense
Pius SuterSean KuralyDawson MercerMacKenzie WeegarBrandon Montour
Time
Total ForwardTotal DefenseLast Minutes OffensiveLast Minutes Defensive
60:00 60:00 0:000:00
Extra Forwards
Normal PowerPlayPenalty Kill
Pius Suter, Marcus Johansson, Josh NorrisConnor Brown, Josh NorrisBrad Marchand
Extra Defensemen
Normal PowerPlayPenalty Kill
Brandon Montour, MacKenzie Weegar, Sean WalkerSean Walker, Zach BogosianMacKenzie Weegar
Penalty Shots
Brad Marchand, Brandon Montour, Brayden Schenn, Pius Suter, Dawson Mercer
Goalie
Tristan Jarry, Darcy Kuemper
Scratches
Tomas Nosek (Healthy), Wyatt Kaiser (Healthy)

Bruins

5 vs 5 Forward
Line #Left WingCenterRight WingPHYDFOFWanted %Time %Time Play
1Matthew KniesAnthony CirelliLogan Cooley1224034%16:18
2Conor GarlandNazem KadriNino Niederreiter1223028%13:26
3Dylan HollowayJ.T. CompherAlex Newhook0322222%10:25
4Patrik LaineSam CarrickAdam Gaudette131816%7:22
5 vs 5 Defense
Line #DefenseDefensePHYDFOFWanted %Time %Time Play
1Jared SpurgeonNoah Hanifin1314541%19:42
2Miro HeiskanenMatt Roy1313538%18:04
3Jonas SiegenthalerRyan Graves1312021%9:45
4Matt RoyNoah Hanifin13100%0:00
Power Play Forward
Line #Left WingCenterRight WingPHYDFOFWanted %Time %Time Play
1Nazem KadriAnthony CirelliMatthew Knies0146557%4:51
2Conor GarlandLogan CooleyNino Niederreiter0143543%3:40
Power Play Defense
Line #DefenseDefensePHYDFOFWanted %Time %Time Play
1Noah HanifinMiro Heiskanen0147066%5:35
2Matt RoyJared Spurgeon0143034%2:56
Penalty Kill 4 Players Forward
Line #CenterWingPHYDFOFWanted %Time %Time Play
1Anthony CirelliJ.T. Compher0416578%3:06
2Sam CarrickConor Garland0413522%0:52
Penalty Kill 4 Players Defense
Line #DefenseDefensePHYDFOFWanted %Time %Time Play
1Noah HanifinMatt Roy0416554%2:08
2Jared SpurgeonRyan Graves0413546%1:50
Penalty Kill 3 Players
Line #WingPHYDFOFWanted %Time %Time PlayDefenseDefensePHYDFOFWanted %Time %Time Play
1Anthony Cirelli041600%0:00 Noah HanifinMatt Roy041650%0:00
2J.T. Compher041400%0:00 Ryan GravesJared Spurgeon041350%0:00
4 vs 4 Forward
Line #CenterWingPHYDFOFWanted %Time %Time Play
1Anthony CirelliMatthew Knies122600%0:00
2Nazem KadriJ.T. Compher122400%0:00
4 vs 4 Defense
Line #DefensePHYDFOFWanted %Time %Time Play
1Jared SpurgeonNoah Hanifin122600%0:00
2Miro HeiskanenMatt Roy122400%0:00
Last Minutes Offensive
Left WingCenterRight WingDefenseDefense
Nazem KadriAnthony CirelliMatthew KniesMiro HeiskanenJared Spurgeon
Last Minutes Defensive
Left WingCenterRight WingDefenseDefense
J.T. CompherAnthony CirelliConor GarlandMatt RoyJared Spurgeon
Time
Total ForwardTotal DefenseLast Minutes OffensiveLast Minutes Defensive
60:00 60:00 0:000:00
Extra Forwards
Normal PowerPlayPenalty Kill
Nazem Kadri, Anthony Cirelli, Matthew KniesNazem Kadri, Anthony CirelliAnthony Cirelli
Extra Defensemen
Normal PowerPlayPenalty Kill
Noah Hanifin, Miro Heiskanen, Jared SpurgeonNoah Hanifin, Matt RoyNoah Hanifin
Penalty Shots
Nazem Kadri, Anthony Cirelli, Conor Garland, Logan Cooley, Matthew Knies
Goalie
Ilya Sorokin, Anton Forsberg
Scratches
Zach Benson (Healthy), Michael Carcone (Healthy), Philip Tomasino (Healthy), Lukas Reichel (Healthy), Philip Broberg (Healthy)


Play-by-Play

1st period


0:01 of 1st period - Brayden Schenn wins face-off versus Anthony Cirelli in neutral zone.
0:12 of 1st period - Wrist shot by Anthony Cirelli.
0:12 of 1st period - Stopped by Tristan Jarry with a rebound.
0:27 of 1st period - Minor Penalty to Conor Garland for Tripping.
0:28 of 1st period - J.T. Compher wins face-off versus Brayden Schenn in Bruins zone.
0:37 of 1st period - Anthony Cirelli is hit by Brad Marchand and loses puck.
2:27 of 1st period - Penalty to Conor Garland is over, Conor Garland is back on ice.
2:46 of 1st period - Snap shot by Conor Garland.
2:46 of 1st period - Shot Misses the Net.
2:48 of 1st period - Slapshot by Conor Garland.
2:48 of 1st period - Shot Misses the Net.
4:01 of 1st period - Slapshot by Conor Garland.
4:01 of 1st period - Shot Blocked by Brendan Smith.
4:35 of 1st period - Wrist shot by Sam Carrick.
4:35 of 1st period - Shot Hit the Post.
4:37 of 1st period - Wrist shot by Patrik Laine.
4:37 of 1st period - Stopped by Tristan Jarry without a rebound.
4:38 of 1st period - Brayden Schenn wins face-off versus Sam Carrick in Blues zone.
4:47 of 1st period - Wrist shot by Brad Marchand.
4:47 of 1st period - Deflect By Noah Hanifin.
4:47 of 1st period - Stopped by Ilya Sorokin without a rebound.
4:48 of 1st period - Brayden Schenn wins face-off versus Anthony Cirelli in Bruins zone.
5:52 of 1st period - Snap shot by Brayden Schenn.
5:52 of 1st period - Stopped by Ilya Sorokin without a rebound.
5:53 of 1st period - Anthony Cirelli wins face-off versus Josh Norris in Bruins zone.
6:20 of 1st period - Brandon Montour is hit by Conor Garland and loses puck.
7:43 of 1st period - Snap shot by Anthony Cirelli.
7:43 of 1st period - Shot Misses the Net.
7:51 of 1st period - Minor Penalty to Sean Walker for Hooking.
7:52 of 1st period - Anthony Cirelli wins face-off versus Dawson Mercer in Blues zone.
7:53 of 1st period - Snap shot by Nazem Kadri.
7:53 of 1st period - Shot Misses the Net.
8:57 of 1st period - Brendan Smith is hit by Conor Garland and loses puck.
9:50 of 1st period - Brendan Smith is hit by Logan Cooley.
9:51 of 1st period - Penalty to Sean Walker is over, Sean Walker is back on ice.
10:18 of 1st period - Slapshot by MacKenzie Weegar.
10:18 of 1st period - Stopped by Ilya Sorokin with a rebound.
10:20 of 1st period - Slapshot by MacKenzie Weegar.
10:20 of 1st period - Shot Blocked by Jonas Siegenthaler.
10:22 of 1st period - Slapshot by Sean Kuraly.
10:22 of 1st period - Stopped by Ilya Sorokin without a rebound.
10:23 of 1st period - Patrik Laine wins face-off versus Justin Danforth in Bruins zone.
10:45 of 1st period - Slapshot by Patrik Laine.
10:45 of 1st period - Goal by Patrik Laine - Blues : 0 - Bruins : 1.
10:46 of 1st period - Anthony Cirelli wins face-off versus Pius Suter in neutral zone.
10:49 of 1st period - Slapshot by Noah Hanifin.
10:49 of 1st period - Shot Blocked by Dawson Mercer.
11:23 of 1st period - Backhand shot by Conor Garland.
11:23 of 1st period - Stopped by Tristan Jarry with a rebound.
11:39 of 1st period - Sean Kuraly is hit by Noah Hanifin.
12:41 of 1st period - Icing by Matt Roy.
12:42 of 1st period - Justin Danforth wins face-off versus Nazem Kadri in Bruins zone.
13:09 of 1st period - Snap shot by Anthony Cirelli.
13:09 of 1st period - Deflect By Logan Cooley.
13:09 of 1st period - Stopped by Tristan Jarry without a rebound.
13:10 of 1st period - Anthony Cirelli wins face-off versus Pius Suter in Blues zone.
13:24 of 1st period - Minor Penalty to Brandon Montour for Hooking.
13:25 of 1st period - Dawson Mercer wins face-off versus Anthony Cirelli in Blues zone.
13:39 of 1st period - Off-side.
13:40 of 1st period - Anthony Cirelli wins face-off versus Pius Suter in neutral zone.
13:43 of 1st period - Wrist shot by Noah Hanifin.
13:43 of 1st period - Stopped by Tristan Jarry without a rebound.
13:44 of 1st period - Dawson Mercer wins face-off versus Anthony Cirelli in Blues zone.
13:57 of 1st period - Slapshot by Anthony Cirelli.
13:57 of 1st period - Shot Misses the Net.
13:59 of 1st period - Backhand shot by Anthony Cirelli.
13:59 of 1st period - Goal by Anthony Cirelli - Blues : 0 - Bruins : 2.
14:00 of 1st period - Brayden Schenn wins face-off versus Anthony Cirelli in neutral zone.
14:15 of 1st period - Slapshot by Brayden Schenn.
14:15 of 1st period - Shot Blocked by Matthew Knies.
14:17 of 1st period - Snap shot by Brayden Schenn.
14:17 of 1st period - Stopped by Ilya Sorokin with a rebound.
14:48 of 1st period - Off-side.
14:49 of 1st period - Tanner Pearson wins face-off versus Alex Newhook in neutral zone.
14:56 of 1st period - Wrist shot by Dylan Holloway.
14:56 of 1st period - Shot Blocked by Brandon Montour.
15:38 of 1st period - Snap shot by Conor Garland.
15:38 of 1st period - Shot Blocked by Pius Suter.
15:57 of 1st period - Brendan Smith is hit by Patrik Laine and loses puck.
16:04 of 1st period - Snap shot by Sam Carrick.
16:04 of 1st period - Goal by Sam Carrick - Blues : 0 - Bruins : 3.
16:05 of 1st period - Marcus Johansson wins face-off versus Anthony Cirelli in neutral zone.
16:08 of 1st period - Snap shot by Brad Marchand.
16:08 of 1st period - Stopped by Ilya Sorokin with a rebound.
16:10 of 1st period - Slapshot by MacKenzie Weegar.
16:10 of 1st period - Deflect By Brad Marchand.
16:10 of 1st period - Stopped by Ilya Sorokin without a rebound.
16:11 of 1st period - Brayden Schenn wins face-off versus Anthony Cirelli in Bruins zone.
16:14 of 1st period - Backhand shot by Brad Marchand.
16:14 of 1st period - Stopped by Ilya Sorokin without a rebound.
16:15 of 1st period - Anthony Cirelli wins face-off versus Brayden Schenn in Bruins zone.
16:38 of 1st period - Snap shot by Anthony Cirelli.
16:38 of 1st period - Stopped by Tristan Jarry with a rebound.
16:53 of 1st period - Off-side.
16:54 of 1st period - Josh Norris wins face-off versus Nazem Kadri in neutral zone.
17:28 of 1st period - Wrist shot by Alex Newhook.
17:28 of 1st period - Stopped by Tristan Jarry without a rebound.
17:29 of 1st period - Anthony Cirelli wins face-off versus Brad Marchand in Blues zone.
18:02 of 1st period - Backhand shot by Pius Suter.
18:02 of 1st period - Stopped by Ilya Sorokin without a rebound.
18:03 of 1st period - Nazem Kadri wins face-off versus Josh Norris in Bruins zone.
18:14 of 1st period - Snap shot by Conor Garland.
18:14 of 1st period - Deflect By Pius Suter.
18:14 of 1st period - Stopped by Tristan Jarry with a rebound.
18:16 of 1st period - Snap shot by Nino Niederreiter.
18:16 of 1st period - Deflect By Nazem Kadri.
18:16 of 1st period - Stopped by Tristan Jarry without a rebound.
18:17 of 1st period - Anthony Cirelli wins face-off versus Brayden Schenn in Blues zone.
18:52 of 1st period - Wrist shot by Noah Hanifin.
18:52 of 1st period - Deflect By Dawson Mercer.
18:52 of 1st period - Stopped by Tristan Jarry without a rebound.
18:53 of 1st period - Brayden Schenn wins face-off versus Conor Garland in Blues zone.
18:53 of 1st period - Brayden Schenn is hit by Ryan Graves.
19:07 of 1st period - Snap shot by Brad Marchand.
19:07 of 1st period - Shot Misses the Net.
19:09 of 1st period - Slapshot by MacKenzie Weegar.
19:09 of 1st period - Stopped by Ilya Sorokin with a rebound.
19:36 of 1st period - Snap shot by Nazem Kadri.
19:36 of 1st period - Shot Misses the Net.
19:38 of 1st period - Wrist shot by Nazem Kadri.
19:38 of 1st period - Stopped by Tristan Jarry without a rebound.
19:39 of 1st period - Brayden Schenn wins face-off versus Anthony Cirelli in Blues zone.
19:50 of 1st period - Wrist shot by Anthony Cirelli.
19:50 of 1st period - Shot Misses the Net.
Goals for this period are 0 for Blues vs 3 for Bruins.
Shots for this period are 10 for Blues vs 14 for Bruins.

2nd period


0:01 of 2nd period - Josh Norris wins face-off versus Anthony Cirelli in neutral zone.
0:50 of 2nd period - Snap shot by Jared Spurgeon.
0:50 of 2nd period - Stopped by Tristan Jarry without a rebound.
0:51 of 2nd period - Sean Kuraly wins face-off versus Sam Carrick in Blues zone.
1:40 of 2nd period - Snap shot by Tanner Pearson.
1:40 of 2nd period - Shot Misses the Net.
2:02 of 2nd period - Snap shot by Sean Kuraly.
2:02 of 2nd period - Stopped by Ilya Sorokin with a rebound.
2:10 of 2nd period - Snap shot by Connor Brown.
2:10 of 2nd period - Stopped by Ilya Sorokin without a rebound.
2:11 of 2nd period - Anthony Cirelli wins face-off versus Brayden Schenn in Bruins zone.
2:38 of 2nd period - Dylan Holloway is hit by Josh Norris and loses puck.
3:28 of 2nd period - Minor Penalty to Sean Walker for Tripping.
3:29 of 2nd period - Anthony Cirelli wins face-off versus Dawson Mercer in Blues zone.
3:30 of 2nd period - Slapshot by Nazem Kadri.
3:30 of 2nd period - Deflect By Matthew Knies.
3:30 of 2nd period - Stopped by Tristan Jarry without a rebound.
3:31 of 2nd period - Dawson Mercer wins face-off versus Anthony Cirelli in Blues zone.
3:39 of 2nd period - MacKenzie Weegar is hit by Anthony Cirelli and loses puck.
4:47 of 2nd period - Icing by Logan Cooley.
4:48 of 2nd period - Sean Kuraly wins face-off versus Logan Cooley in Bruins zone.
5:28 of 2nd period - Penalty to Sean Walker is over, Sean Walker is back on ice.
5:36 of 2nd period - Snap shot by Brayden Schenn.
5:36 of 2nd period - Goal by Brayden Schenn - Blues : 1 - Bruins : 3.
5:37 of 2nd period - Anthony Cirelli wins face-off versus Brayden Schenn in neutral zone.
5:45 of 2nd period - Noah Hanifin is hit by Brad Marchand and loses puck.
6:12 of 2nd period - Wrist shot by Dawson Mercer.
6:12 of 2nd period - Shot Misses the Net.
6:16 of 2nd period - Wrist shot by Dawson Mercer.
6:16 of 2nd period - Shot Blocked by Noah Hanifin.
6:43 of 2nd period - Off-side.
6:44 of 2nd period - Anthony Cirelli wins face-off versus Sean Kuraly in neutral zone.
7:01 of 2nd period - Wrist shot by Connor Brown.
7:01 of 2nd period - Shot Blocked by Miro Heiskanen.
7:22 of 2nd period - Nino Niederreiter is hit by Brad Marchand and loses puck.
8:18 of 2nd period - Snap shot by Connor Brown.
8:18 of 2nd period - Shot Misses the Net.
8:47 of 2nd period - Off-side.
8:48 of 2nd period - Marcus Johansson wins face-off versus Anthony Cirelli in neutral zone.
8:55 of 2nd period - Snap shot by Brad Marchand.
8:55 of 2nd period - Stopped by Ilya Sorokin without a rebound.
8:56 of 2nd period - Brayden Schenn wins face-off versus Anthony Cirelli in Bruins zone.
9:03 of 2nd period - Wrist shot by Brad Marchand.
9:03 of 2nd period - Stopped by Ilya Sorokin with a rebound.
9:05 of 2nd period - Snap shot by Brad Marchand.
9:05 of 2nd period - Shot Blocked by Noah Hanifin.
9:23 of 2nd period - Snap shot by Brayden Schenn.
9:23 of 2nd period - Shot Hit the Post.
9:25 of 2nd period - Slapshot by Zach Bogosian.
9:25 of 2nd period - Goal by Zach Bogosian - Blues : 2 - Bruins : 3.
9:26 of 2nd period - Anthony Cirelli wins face-off versus Pius Suter in neutral zone.
9:31 of 2nd period - Sean Walker is hit by Logan Cooley and loses puck.
9:45 of 2nd period - Minor Penalty to MacKenzie Weegar for Holding Stick.
9:46 of 2nd period - Anthony Cirelli wins face-off versus Dawson Mercer in Blues zone.
9:55 of 2nd period - Off-side.
9:56 of 2nd period - Dawson Mercer wins face-off versus Anthony Cirelli in neutral zone.
10:13 of 2nd period - Wrist shot by Pius Suter.
10:13 of 2nd period - Shot Misses the Net.
11:38 of 2nd period - Logan Cooley is hit by Craig Smith and loses puck.
11:45 of 2nd period - Penalty to MacKenzie Weegar is over, MacKenzie Weegar is back on ice.
12:11 of 2nd period - Brendan Smith is hit by Adam Gaudette and loses puck.
13:08 of 2nd period - Tanner Pearson is hit by Anthony Cirelli and loses puck.
13:23 of 2nd period - Wrist shot by Craig Smith.
13:23 of 2nd period - Stopped by Ilya Sorokin without a rebound.
13:24 of 2nd period - Justin Danforth wins face-off versus Nazem Kadri in Bruins zone.
13:25 of 2nd period - Slapshot by Victor Olofsson.
13:25 of 2nd period - Stopped by Ilya Sorokin with a rebound.
13:27 of 2nd period - Slapshot by Zach Bogosian.
13:27 of 2nd period - Shot Misses the Net.
13:29 of 2nd period - Slapshot by Craig Smith.
13:29 of 2nd period - Shot Misses the Net.
13:31 of 2nd period - Wrist shot by Victor Olofsson.
13:31 of 2nd period - Shot Misses the Net.
13:33 of 2nd period - Snap shot by Craig Smith.
13:33 of 2nd period - Shot Misses the Net.
13:35 of 2nd period - Wrist shot by Brandon Montour.
13:35 of 2nd period - Shot Misses the Net.
13:37 of 2nd period - Snap shot by Brandon Montour.
13:37 of 2nd period - Shot Misses the Net.
13:39 of 2nd period - Slapshot by Zach Bogosian.
13:39 of 2nd period - Deflect By Victor Olofsson.
13:39 of 2nd period - Shot Blocked by Jared Spurgeon.
13:39 of 2nd period - Puck is out of play.
13:40 of 2nd period - Anthony Cirelli wins face-off versus Brayden Schenn in Bruins zone.
13:57 of 2nd period - Snap shot by Brad Marchand.
13:57 of 2nd period - Shot Blocked by Matt Roy.
14:07 of 2nd period - Josh Norris is hit by Conor Garland and loses puck.
14:32 of 2nd period - J.T. Compher is hit by Sean Walker and loses puck.
14:39 of 2nd period - Wrist shot by Connor Brown.
14:39 of 2nd period - Stopped by Ilya Sorokin without a rebound.
14:40 of 2nd period - Brayden Schenn wins face-off versus Anthony Cirelli in Bruins zone.
15:09 of 2nd period - Conor Garland is hit by Brandon Montour and loses puck.
15:16 of 2nd period - Wrist shot by Nazem Kadri.
15:16 of 2nd period - Stopped by Tristan Jarry without a rebound.
15:17 of 2nd period - Logan Cooley wins face-off versus Josh Norris in Blues zone.
15:18 of 2nd period - Slapshot by Anthony Cirelli.
15:18 of 2nd period - Shot Blocked by MacKenzie Weegar.
15:20 of 2nd period - Snap shot by Logan Cooley.
15:20 of 2nd period - Stopped by Tristan Jarry with a rebound.
15:22 of 2nd period - Wrist shot by Logan Cooley.
15:22 of 2nd period - Shot Misses the Net.
15:24 of 2nd period - Wrist shot by Logan Cooley.
15:24 of 2nd period - Goal by Logan Cooley - Blues : 2 - Bruins : 4.
15:25 of 2nd period - Anthony Cirelli wins face-off versus Brayden Schenn in neutral zone.
15:43 of 2nd period - Minor Penalty to Sean Walker for Diving.
15:44 of 2nd period - Anthony Cirelli wins face-off versus Dawson Mercer in Blues zone.
16:46 of 2nd period - Brendan Smith is hit by Jared Spurgeon and loses puck.
17:43 of 2nd period - Penalty to Sean Walker is over, Sean Walker is back on ice.
18:05 of 2nd period - Matt Roy is hit by MacKenzie Weegar and loses puck.
18:57 of 2nd period - Pius Suter is hit by Jared Spurgeon and loses puck.
19:54 of 2nd period - Slapshot by Brad Marchand.
19:54 of 2nd period - Shot Misses the Net.
19:56 of 2nd period - Wrist shot by Marcus Johansson.
19:56 of 2nd period - Stopped by Ilya Sorokin without a rebound.
19:57 of 2nd period - Sam Carrick wins face-off versus Marcus Johansson in Bruins zone.
Goals for this period are 2 for Blues vs 1 for Bruins.
Shots for this period are 10 for Blues vs 5 for Bruins.

3rd period


0:01 of 3rd period - Brayden Schenn wins face-off versus Logan Cooley in neutral zone.
0:26 of 3rd period - Dawson Mercer is hit by Nazem Kadri and loses puck.
1:31 of 3rd period - Slapshot by Brayden Schenn.
1:31 of 3rd period - Shot Blocked by Miro Heiskanen.
1:33 of 3rd period - Snap shot by Brad Marchand.
1:33 of 3rd period - Stopped by Ilya Sorokin with a rebound.
2:15 of 3rd period - Snap shot by MacKenzie Weegar.
2:15 of 3rd period - Deflect By Sean Kuraly.
2:15 of 3rd period - Shot Blocked by Jonas Siegenthaler.
2:15 of 3rd period - Puck is out of play.
2:16 of 3rd period - Sean Kuraly wins face-off versus Alex Newhook in Bruins zone.
2:17 of 3rd period - Snap shot by Connor Brown.
2:17 of 3rd period - Stopped by Ilya Sorokin with a rebound.
2:51 of 3rd period - Wrist shot by J.T. Compher.
2:51 of 3rd period - Shot Blocked by Connor Brown.
2:53 of 3rd period - Slapshot by Ryan Graves.
2:53 of 3rd period - Deflect By Alex Newhook.
2:53 of 3rd period - Shot Misses the Net.
2:53 of 3rd period - Puck is out of play.
2:54 of 3rd period - Brayden Schenn wins face-off versus Anthony Cirelli in Blues zone.
3:32 of 3rd period - Wrist shot by Pius Suter.
3:32 of 3rd period - Shot Blocked by Nino Niederreiter.
3:48 of 3rd period - Snap shot by Sam Carrick.
3:48 of 3rd period - Stopped by Tristan Jarry without a rebound.
3:49 of 3rd period - Brayden Schenn wins face-off versus Anthony Cirelli in Blues zone.
4:22 of 3rd period - Off-side.
4:23 of 3rd period - Nazem Kadri wins face-off versus Josh Norris in neutral zone.
4:32 of 3rd period - Wrist shot by Dawson Mercer.
4:32 of 3rd period - Shot Misses the Net.
4:41 of 3rd period - Minor Penalty to Nazem Kadri for Delaying the game.
4:42 of 3rd period - Anthony Cirelli wins face-off versus Brayden Schenn in Bruins zone.
4:58 of 3rd period - Slapshot by Brayden Schenn.
4:58 of 3rd period - Stopped by Ilya Sorokin with a rebound.
5:40 of 3rd period - Snap shot by Patrik Laine.
5:40 of 3rd period - Deflect By Logan Cooley.
5:40 of 3rd period - Stopped by Tristan Jarry with a rebound.
5:42 of 3rd period - Wrist shot by Patrik Laine.
5:42 of 3rd period - Shot Misses the Net.
5:48 of 3rd period - Logan Cooley is hit by Pius Suter and loses puck.
6:20 of 3rd period - Off-side.
6:21 of 3rd period - Dawson Mercer wins face-off versus Alex Newhook in neutral zone.
6:24 of 3rd period - Jared Spurgeon is hit by Josh Norris and loses puck.
6:41 of 3rd period - Penalty to Nazem Kadri is over, Nazem Kadri is back on ice.
7:46 of 3rd period - Wrist shot by Alex Newhook.
7:46 of 3rd period - Shot Misses the Net.
7:48 of 3rd period - Wrist shot by Matt Roy.
7:48 of 3rd period - Stopped by Tristan Jarry with a rebound.
8:00 of 3rd period - Brayden Schenn is hit by Patrik Laine and loses puck.
8:21 of 3rd period - Victor Olofsson is hit by Nino Niederreiter and loses puck.
8:26 of 3rd period - Snap shot by Conor Garland.
8:26 of 3rd period - Shot Blocked by Zach Bogosian.
8:28 of 3rd period - Snap shot by Nazem Kadri.
8:28 of 3rd period - Shot Misses the Net.
8:30 of 3rd period - Wrist shot by Conor Garland.
8:30 of 3rd period - Stopped by Tristan Jarry with a rebound.
8:44 of 3rd period - Anthony Cirelli is hit by Erik Johnson and loses puck.
9:07 of 3rd period - Snap shot by Pius Suter.
9:07 of 3rd period - Shot Misses the Net.
9:09 of 3rd period - Snap shot by Josh Norris.
9:09 of 3rd period - Shot Misses the Net.
9:11 of 3rd period - Slapshot by Zach Bogosian.
9:11 of 3rd period - Deflect By Alex Newhook.
9:11 of 3rd period - Stopped by Ilya Sorokin with a rebound.
9:13 of 3rd period - Snap shot by Dawson Mercer.
9:13 of 3rd period - Stopped by Ilya Sorokin without a rebound.
9:14 of 3rd period - Anthony Cirelli wins face-off versus Sean Kuraly in Bruins zone.
10:14 of 3rd period - Snap shot by Dylan Holloway.
10:14 of 3rd period - Deflect By Brayden Schenn.
10:14 of 3rd period - Stopped by Tristan Jarry with a rebound.
10:16 of 3rd period - Wrist shot by Dylan Holloway.
10:16 of 3rd period - Shot Misses the Net.
11:39 of 3rd period - Wrist shot by Brad Marchand.
11:39 of 3rd period - Stopped by Ilya Sorokin without a rebound.
11:40 of 3rd period - Josh Norris wins face-off versus Nazem Kadri in Bruins zone.
11:45 of 3rd period - Snap shot by Pius Suter.
11:45 of 3rd period - Shot Misses the Net.
11:47 of 3rd period - Slapshot by Sean Walker.
11:47 of 3rd period - Deflect By Dawson Mercer.
11:47 of 3rd period - Shot Misses the Net.
11:47 of 3rd period - Puck is out of play.
11:48 of 3rd period - Josh Norris wins face-off versus Anthony Cirelli in Bruins zone.
11:55 of 3rd period - Snap shot by Dawson Mercer.
11:55 of 3rd period - Stopped by Ilya Sorokin without a rebound.
11:56 of 3rd period - Brayden Schenn wins face-off versus Anthony Cirelli in Bruins zone.
12:35 of 3rd period - Marcus Johansson is hit by Anthony Cirelli.
12:50 of 3rd period - Off-side.
12:51 of 3rd period - Nazem Kadri wins face-off versus Josh Norris in neutral zone.
13:20 of 3rd period - Snap shot by Sam Carrick.
13:20 of 3rd period - Stopped by Tristan Jarry without a rebound.
13:21 of 3rd period - Connor Brown wins face-off versus Sam Carrick in Blues zone.
13:51 of 3rd period - Nazem Kadri is hit by Brendan Smith.
15:37 of 3rd period - Snap shot by Nazem Kadri.
15:37 of 3rd period - Stopped by Tristan Jarry without a rebound.
15:38 of 3rd period - Nazem Kadri wins face-off versus Brayden Schenn in Blues zone.
15:51 of 3rd period - Wrist shot by Conor Garland.
15:51 of 3rd period - Stopped by Tristan Jarry with a rebound.
15:59 of 3rd period - Nazem Kadri is hit by Brayden Schenn and loses puck.
16:14 of 3rd period - Snap shot by Brad Marchand.
16:14 of 3rd period - Shot Misses the Net.
16:16 of 3rd period - Snap shot by Brad Marchand.
16:16 of 3rd period - Deflect By Brayden Schenn.
16:16 of 3rd period - Stopped by Ilya Sorokin without a rebound.
16:17 of 3rd period - Sean Kuraly wins face-off versus J.T. Compher in Bruins zone.
16:18 of 3rd period - Wrist shot by Connor Brown.
16:18 of 3rd period - Shot Misses the Net.
16:26 of 3rd period - Snap shot by J.T. Compher.
16:26 of 3rd period - Stopped by Tristan Jarry without a rebound.
16:27 of 3rd period - J.T. Compher wins face-off versus Sean Kuraly in Blues zone.
16:34 of 3rd period - Tanner Pearson is hit by Alex Newhook and loses puck.
17:03 of 3rd period - Wrist shot by Dylan Holloway.
17:03 of 3rd period - Stopped by Tristan Jarry with a rebound.
17:05 of 3rd period - Slapshot by Dylan Holloway.
17:05 of 3rd period - Stopped by Tristan Jarry without a rebound.
17:06 of 3rd period - Brayden Schenn wins face-off versus Matthew Knies in Blues zone.
18:29 of 3rd period - Wrist shot by Nino Niederreiter.
18:29 of 3rd period - Stopped by Tristan Jarry with a rebound.
18:31 of 3rd period - Snap shot by Nino Niederreiter.
18:31 of 3rd period - Stopped by Tristan Jarry without a rebound.
18:32 of 3rd period - J.T. Compher wins face-off versus Sean Kuraly in Blues zone.
18:59 of 3rd period - Connor Brown is hit by Anthony Cirelli and loses puck.
19:06 of 3rd period - Snap shot by Logan Cooley.
19:06 of 3rd period - Stopped by Tristan Jarry without a rebound.
19:07 of 3rd period - Nazem Kadri wins face-off versus Brayden Schenn in Blues zone.
19:20 of 3rd period - Slapshot by Ryan Graves.
19:20 of 3rd period - Shot Misses the Net.
19:22 of 3rd period - Slapshot by Jonas Siegenthaler.
19:22 of 3rd period - Deflect By Dylan Holloway.
19:22 of 3rd period - Shot Blocked by Zach Bogosian.
19:22 of 3rd period - Puck is out of play.
19:23 of 3rd period - J.T. Compher wins face-off versus Brad Marchand in Blues zone.
Goals for this period are 0 for Blues vs 0 for Bruins.
Shots for this period are 8 for Blues vs 14 for Bruins.